 Dungeon Crawl Stone Soup version 0.30.1-4-g462c640d31 (webtiles) character file.

Game seed: 15537761090603351794

250 Gogs the Chopper (level 6, -3/53 HPs)
             Began as a Hill Orc Fighter on Aug 27, 2023.
             Slain by an ogre
             ... wielding a +0 giant club
              (6 damage)
             ... on level 4 of the Dungeon.
             The game lasted 00:06:45 (3441 turns).

Gogs the Chopper (Hill Orc Fighter)                 Turns: 3441, Time: 00:06:46

Health: -3/53      AC:  7    Str: 21    XL:     6   Next: 13%
Magic:  6/6        EV:  9    Int:  8    God:
Gold:   109        SH:  4    Dex: 10    Spells: 5/5 levels left

rFire   . . .        a - +0 war axe
rCold   . . .        c - +0 buckler
rNeg    . . .        j - +0 scale mail
rPois   .            (no helmet)
rElec   .            (no cloak)
rCorr   .            (no gloves)
SInv    .            (no boots)
Will    .....        (no amulet) Stlth
                     (no ring)
HPRegen 0.28/turn    (no ring)
MPRegen 0.10/turn

%: no passive effects
@: no status effects
A: no striking features
a: no special abilities


You were on level 4 of the Dungeon.
You visited 1 branch of the dungeon, and saw 4 of its levels.

You collected 109 gold pieces.

Inventory:

Hand Weapons
 a - a +0 war axe (weapon)
 b - a +0 flail
Missiles
 h - 31 stones
 i - 6 boomerangs
 l - 16 poisoned darts (quivered)
Armour
 c - a +0 buckler (worn)
 j - a +0 scale mail (worn)
Scrolls
 e - a scroll of enchant weapon {unknown}
 g - a scroll of fog
 m - 5 scrolls of teleportation
 n - a scroll of enchant armour {unknown}
 p - a scroll of noise {unknown}
 q - a scroll of fear {unknown}
Potions
 d - 2 potions of might
 f - a potion of curing
 k - a potion of magic
 o - a potion of flight {unknown}


   Skills:
 + Level 4.4 Fighting
 * Level 5.0 Axes
 * Level 4.7 Armour
 * Level 4.8 Shields


You had 5 spell levels left.
You didn't know any spells.
Your spell library was empty.

Dungeon Overview and Level Annotations

Branches:
Dungeon (4/15)
 Temple: D:4-7

Altars:
Gozag
Kikubaaqudgha

Shops:
D:2 :


Message History

You open the door.
Found a stone staircase leading up.
Done exploring.
Search for what [Enter for "."]?
There is a stone staircase leading down here.
You climb downwards.
There is a stone staircase leading up here.
Okay, then.
An ogre comes into view. It is wielding a +0 giant club.
The ogre shouts!
You barely miss the ogre. The ogre hits you with a +0 giant club!
You are too injured to fight recklessly!
You are too injured to fight recklessly!
You are too injured to fight recklessly!
You are too injured to fight recklessly!
You are too injured to fight recklessly!
You slash the ogre!
The ogre is moderately wounded.
The ogre completely misses you.
You barely miss the ogre.
The ogre is moderately wounded.
You slash the ogre!
The ogre is severely wounded.
The ogre barely misses you.
You closely miss the ogre.
The ogre is severely wounded.
The ogre completely misses you.
You hit the ogre.
The ogre is almost dead.
The ogre hits you with a +0 giant club!!
You barely miss the ogre.
The ogre is almost dead.
The ogre hits you with a +0 giant club!!
* * * LOW HITPOINT WARNING * * *
An iguana comes into view.
The iguana hisses angrily.
You hit the ogre.
The ogre is almost dead.
The ogre hits you with a +0 giant club.
You die...

#.. #l. # #...
.# #...## ..#
#.#..# ...#
#.....#+#....#
#....@O..#
#..#.#####.##
#....<......#
#.##.####.#.#
.. #.# ## #.#
#.# #.# #.#


You could see an ogre and an iguana.

Vanquished Creatures
  2 vampire bats (D:3)
  3 gnolls
  6 adders
  3 dart slugs
  8 ball pythons
  4 bat skeletons (D:3)
  7 endoplasms
  6 giant cockroaches
  4 hobgoblins
  8 jackals
  4 kobolds
  2 quokkas
  7 bats
  3 frilled lizards
  8 goblins
  2 rats (D:2)
77 creatures vanquished.

Notes
Turn   | Place    | Note
-------+----------+-------------------------------------------
     0 | D:1      | Gogs the Hill Orc Fighter began the quest for the Orb.
     0 | D:1      | Reached XP level 1. HP: 19/19 MP: 1/1
   212 | D:1      | Reached skill level 3 in Axes
   212 | D:1      | Reached XP level 2. HP: 26/27 MP: 2/2
   488 | D:1      | Reached XP level 3. HP: 27/33 MP: 3/3
  1181 | D:2      | Found Xujar's Book Boutique.
  1199 | D:2      | Reached XP level 4. HP: 37/40 MP: 4/4
  1347 | D:2      | Found a faded altar of an unknown god.
  2162 | D:2      | Reached skill level 4 in Axes
  2448 | D:3      | Reached XP level 5. HP: 38/46 MP: 5/5
  2517 | D:3      | Found an ancient bone altar of Kikubaaqudgha.
  2605 | D:3      | Reached XP level 6. HP: 47/53 MP: 6/6
  2849 | D:3      | Reached skill level 5 in Axes
  2941 | D:3      | Found an opulent altar of Gozag.
  3441 | D:4      | Slain by an ogre

Illustrated notes

Levels and vault maps discovered:
D:1:      pf_arrival_petrified_forest, layout_basic, nicolae_eternal_life
D:2:      layout_basic, serial_shops, nicolae_shop_statue_plus,
          chequers_ecumenical_altar_twisty
D:3:      layout_basic, mainiacjoe_overflow_alcove_4, kennysheep_vampire_church
D:4:      layout_loops_ring, serial_shops, nicolae_shop_real_fake_doors,
          grunt_ministairs_15

Skill      XL: |  1  2  3  4  5  6 |
---------------+-------------------+-----
Axes           | 3 4 5 |  5.0
Armour         | 4 |  4.7
Shields        | 4 |  4.8
Fighting       | 4 |  4.4

Action                     |  1- 3 |  4- 6 || total
---------------------------+-------+-------++-------
  Melee: War axe           |    95 |   126 ||   221
  Throw: Stone             |     1 |       ||     1
         Dart              |       |     2 ||     2
    Use: Scroll            |     4 |     2 ||     6
 Armour: Scale mail        |    85 |    61 ||   146
  Dodge: Dodged            |    59 |    66 ||   125
  Block: Buckler           |    23 |    23 ||    46
